 Dungeon Crawl Stone Soup version 0.28.0-53-g5a82cb258f (webtiles) character file.

Game seed: 8628911506231257535

80 Jerry the Skirmisher (level 4, 0/24 HPs)
             Began as a Vine Stalker Fighter on July 27, 2022.
             Succumbed to a gnoll's poison
             ... on level 2 of the Dungeon.
             The game lasted 00:03:50 (1320 turns).

Jerry the Skirmisher (Vine Stalker Fighter)         Turns: 1320, Time: 00:03:50

Health: 0/24       AC: 12    Str: 20    XL:     4   Next: 39%
Magic:  3/5        EV:  5    Int:  8    God:
Gold:   78         SH:  5    Dex: 14    Spells: 3/3 levels left

rFire   . . .      SeeInvis .   o - +4 whip (venom)
rCold   . . .      Faith    .   c - +0 buckler
rNeg    . . .      Spirit   +   k - +0 plate armour
rPois   .          Reflect  .   m - +0 helmet
rElec   .          Harm     .   (no cloak)
rCorr   .          Rampage  .   (no gloves)
Will    .....                   (no boots)
Stlth   ..........              (no amulet)
HPRegen 0.88/turn               (no ring)
MPRegen 0.09/turn               (no ring)

@: lethally poisoned (0 -> -3), attractive
A: fangs 2, regeneration 1, magic shield, antimagic bite, no potion heal 2
a: no special abilities


You were on level 2 of the Dungeon.
You visited 1 branch of the dungeon, and saw 2 of its levels.

You collected 78 gold pieces.

Inventory:

Hand Weapons
 a - a +0 long sword
 o - a +4 whip of venom (weapon)
Missiles
 h - 2 poisoned darts
 l - 5 silver boomerangs (quivered)
Armour
 b - a +0 scale mail
 c - a +0 buckler (worn)
 k - a +0 plate armour (worn)
 m - a +0 helmet (worn)
Scrolls
 e - a scroll of teleportation {unknown}
 f - a scroll of identify {unknown}
 n - a scroll of fog {unknown}
Potions
 d - a potion of might
 j - a potion of mutation {unknown}


   Skills:
 + Level 3.2 Fighting
 - Level 2.4 Long Blades
 + Level 0.1 Maces & Flails
 + Level 3.0 Armour
 + Level 3.2 Shields


You had 3 spell levels left.
You didn't know any spells.
Your spell library was empty.

Dungeon Overview and Level Annotations

Branches:
Dungeon (2/15)

Altars:


Innate Abilities, Weirdness & Mutations

You have extremely sharp teeth.
Your natural rate of healing is unusually fast.
When hurt, damage is shared between your health and your magic reserves.
Your bite disrupts and absorbs the magic of your enemies.
Potions cannot restore your health.


Message History

You kill the quokka!
No target in view!
Things that are here:
a +4 whip of venom; a gnoll corpse
o - a +4 whip of venom Your +4 whip of venom begins to drip with poison!
o - a +4 whip of venom (weapon)
The gnoll shouts!
You block the gnoll's attack.
You barely miss the gnoll. You bite the gnoll. You drain its power.
The gnoll is moderately wounded.
The gnoll barely misses you.
You hit the gnoll.
The gnoll is poisoned.
You bite the gnoll. You drain its power.
The gnoll is severely wounded.
The gnoll hits you with a +4 flail of venom!
You are poisoned.
You are too injured to fight recklessly!
You are too injured to fight recklessly!
You are too injured to fight recklessly!
You completely miss the gnoll. Your bite misses the gnoll.
The gnoll is severely wounded.
You feel very sick. The gnoll hits you but does no damage.
You are lethally poisoned!
You barely miss the gnoll. You bite the gnoll.
You kill the gnoll!
* * * LOW HITPOINT WARNING * * *
You feel very sick.
Your Armour skill increases to level 3!
* * * LOW HITPOINT WARNING * * *
You feel very sick.
Things that are here:
a +4 flail of venom; 6 gold pieces; a gnoll corpse It was a potion of attraction.
You feel attractive to monsters.
* * * LOW HITPOINT WARNING * * *
You feel very sick.
It was a potion of heal wounds.
That seemed strangely inert.
You die...

##.###.# #.........# ..
...# #.# #.........# #
.#...#.# #.#.......#
.###.#.# #†#######.#
.....#.# #.#### .#
####.#.# #....# .# #
####.# #.#######
###..<.######.......#
......#.........@...#
....#.#.######......'.#
......#.# #......###
....###.# #........
......#.# #.......#.#
......#.# #.......# #
...####.# #.......#
...# ..# #.......#
+.......#


There were no monsters in sight!

Vanquished Creatures
  3 gnolls
  An adder (D:2)
  4 dart slugs (D:1)
  A bat (D:2)
  5 endoplasms
  A giant cockroach (D:1)
  A goblin (D:1)
  2 hobgoblins (D:1)
  4 jackals (D:2)
  2 kobolds (D:1)
  2 quokkas
  2 ball pythons (D:1)
  2 frilled lizards (D:1)
  3 rats (D:1)
33 creatures vanquished.

Notes
Turn   | Place    | Note
-------+----------+-------------------------------------------
     0 | D:1      | Jerry the Vine Stalker Fighter began the quest for the Orb.
     0 | D:1      | Reached XP level 1. HP: 11/11 MP: 2/2
   253 | D:1      | Reached XP level 2. HP: 16/16 MP: 3/3
   561 | D:1      | Reached XP level 3. HP: 14/20 MP: 4/4
  1170 | D:2      | Gained mutation: Your natural rate of healing is unusually
                  | fast. [Vine Stalker growth]
  1170 | D:2      | Reached XP level 4. HP: 15/24 MP: 3/5
  1319 | D:2      | HP: 1/24 [poisoned by a gnoll]
  1320 | D:2      | Succumbed to a gnoll's poison

Illustrated notes

Levels and vault maps discovered:
D:1:      grunt_arrival_crossed_arrows, layout_loops_cross
D:2:      layout_basic

Skill      XL: |  1  2  3  4 |
---------------+-------------+-----
Long Blades    | 2 |  2.4
Fighting       | 3 |  3.2
Shields        | 3 |  3.2
Armour         | 3 |  3.0
Maces & Flails | |  0.1

Action                   |  1- 3 |  4- 6 || total
-------------------------+-------+-------++-------
Melee: Long sword        |    75 |     4 ||    79
       Bite              |    14 |     3 ||    17
       Whip              |       |     4 ||     4
  Use: Potion            |       |     2 ||     2
Armor: Scale mail        |    19 |       ||    19
       Plate armour      |    22 |     3 ||    25
Dodge: Dodged            |    27 |     1 ||    28
Block: Buckler           |    10 |     2 ||    12
